MID
GREENVILLE DRIVE @ CHARLESTON RIVERDOGS
09/25/2049
 
TOP OF THE 1ST
Greenville Drive batting - Pitching for Charleston RiverDogs : RHP Bill Setzer
Pitching: RHP Bill Setzer
Batting: RHB Aukukero Tairi 0-0: Foul Ball, location: 2F
0-1: Ball
1-1: Ball
2-1: Ball
3-1: Foul Ball, location: 2F
3-2: Ground out 2-3 (Groundball, 2R, EV 69.4 MPH)
Batting: LHB Kien-lung Zou 0-0: Ball
1-0: Called Strike
1-1: Called Strike
1-2: Ball
2-2: Foul Ball, location: 2F
2-2: Fly out, F8 (Line Drive, 89M, EV 96.9 MPH)
Batting: SHB Salvador Padilla 0-0: Ball
1-0: SOLO HOME RUN (Flyball, 9D, EV 100.0 MPH), Distance : 388 ft
Batting: SHB Matsudaira Ikeda 0-0: Ball
1-0: Ball
2-0: Called Strike
2-1: Fly out, F2 (Popup, 3SF, EV 80.6 MPH)
Top of the 1st over - 1 run, 1 hit, 0 errors, 0 left on base; Greenville 1 - Charleston 0
BOTTOM OF THE 1ST
Charleston RiverDogs batting - Pitching for Greenville Drive : RHP Michael Vazquez
Pitching: RHP Michael Vazquez
Batting: LHB Ernesto Abreu 0-0: Ball
1-0: Foul Ball, location: 2F
1-1: Foul Ball, location: 2F
1-2: Ball
2-2: Ball
3-2: Foul Ball, location: 2F
3-2: Ground out 6-3 (Groundball, 6, EV 91.9 MPH)
Batting: LHB Jeremiah Walker 0-0: Swinging Strike
0-1: Foul Ball, location: 2F
0-2: Ball
1-2: Ball
2-2: Ball
3-2: Strikes out swinging, 2-3 out at first.
Batting: LHB Marc Durgin 0-0: Called Strike
0-1: SOLO HOME RUN (Flyball, 7LD, EV 96.9 MPH), Distance : 378 ft
Batting: RHB Iften Olujimi 0-0: Ball
1-0: Ball
2-0: Called Strike
2-1: Ground out 5-3 (Groundball, 56S, EV 83.8 MPH)
Bottom of the 1st over - 1 run, 1 hit, 0 errors, 0 left on base; Greenville 1 - Charleston 1
TOP OF THE 2ND
Greenville Drive batting - Pitching for Charleston RiverDogs : RHP Bill Setzer
Batting: RHB Alex Cardenas 0-0: Called Strike
0-1: Fly out, F9 (Flyball, 9D, EV 93.1 MPH)
Batting: LHB Robert Gonzalez 0-0: Ball
1-0: Called Strike
1-1: Swinging Strike
1-2: Foul Ball, location: 2F
1-2: Ball
2-2: Strikes out looking
Batting: RHB Mario Arriero 0-0: Ball
1-0: Called Strike
1-1: Ball
2-1: Ball
3-1: Fly out, F8 (Flyball, 89M, EV 78.8 MPH)
Top of the 2nd over - 0 runs, 0 hits, 0 errors, 0 left on base; Greenville 1 - Charleston 1
BOTTOM OF THE 2ND
Charleston RiverDogs batting - Pitching for Greenville Drive : RHP Michael Vazquez
Batting: RHB Francisco Vargas 0-0: Fly out, F7 (Line Drive, 78M, EV 84.4 MPH)
Pitching: LHP Roald van Erkel
Batting: RHB Jeff McClellan 0-0: Fly out, F9 (Line Drive, 89M, EV 88.1 MPH)
Batting: RHB Michael Patterson 0-0: Ball
1-0: Called Strike
1-1: DOUBLE (Flyball, 8RXD, EV 102.5 MPH)
Batting: RHB Matt Alderson 0-0: Ball
1-0: SINGLE (Line Drive, 4D, EV 103.1 MPH)
Michael Patterson to third
Batting: RHB Louwe Starmans 0-0: Ball
1-0: Called Strike
1-1: Swinging Strike
1-2: Ball
2-2: DOUBLE (Flyball, 89D, EV 90.6 MPH)
Michael Patterson scores
Matt Alderson to third
Batting: LHB Ernesto Abreu 0-0: Foul Ball, location: 2F
0-1: Ball
1-1: Foul Ball, location: 2F
1-2: Foul Ball, location: 2F
1-2: Ball
2-2: Foul Ball, location: 2F
2-2: Ball
3-2: Base on Balls
Batting: LHB Jeremiah Walker 0-0: Foul Ball, location: 2F
0-1: Ball
1-1: Ball
2-1: Ground out U3 (Groundball, 3, EV 88.1 MPH)
Bottom of the 2nd over - 1 run, 3 hits, 0 errors, 3 left on base; Greenville 1 - Charleston 2
TOP OF THE 3RD
Greenville Drive batting - Pitching for Charleston RiverDogs : RHP Bill Setzer
Batting: RHB Adugna Chandu 0-0: Called Strike
0-1: Ball
1-1: Ball
2-1: Ball
3-1: Foul Ball, location: 2F
3-2: Foul Ball, location: 2F
3-2: Base on Balls
Batting: RHB Josh Smith 0-0: Called Strike
0-1: Swinging Strike
0-2: SINGLE (Line Drive, 7S, EV 107.5 MPH)
Adugna Chandu to second
Batting: RHB Aukukero Tairi 0-0: Fly out, F8 (Flyball, 8LD, EV 86.2 MPH)
Batting: LHB Kien-lung Zou 0-0: Swinging Strike
0-1: Foul Ball, location: 2F
0-2: Ball
1-2: Fly out, F9 (Flyball, 9S, EV 95.0 MPH)
Batting: SHB Salvador Padilla 0-0: Called Strike
0-1: Swinging Strike
0-2: Strikes out swinging
Top of the 3rd over - 0 runs, 1 hit, 0 errors, 2 left on base; Greenville 1 - Charleston 2
BOTTOM OF THE 3RD
Charleston RiverDogs batting - Pitching for Greenville Drive : LHP Roald van Erkel
Batting: LHB Marc Durgin 0-0: Called Strike
0-1: Ball
1-1: Swinging Strike
1-2: Foul Ball, location: 2F
1-2: Strikes out looking
Batting: RHB Iften Olujimi 0-0: Ball
1-0: Ball
2-0: Ball
3-0: Foul Ball, location: 2F
3-1: Foul Ball, location: 2F
3-2: Strikes out swinging
Batting: RHB Francisco Vargas 0-0: Ball
1-0: Swinging Strike
1-1: Ball
2-1: Ball
3-1: Foul Ball, location: 2F
3-2: Strikes out swinging
Bottom of the 3rd over - 0 runs, 0 hits, 0 errors, 0 left on base; Greenville 1 - Charleston 2
TOP OF THE 4TH
Greenville Drive batting - Pitching for Charleston RiverDogs : RHP Bill Setzer
Batting: SHB Matsudaira Ikeda 0-0: Ball
1-0: Ball
2-0: Called Strike
2-1: Ball
3-1: SOLO HOME RUN (Flyball, 89XD, EV 111.9 MPH), Distance : 444 ft
Batting: RHB Alex Cardenas 0-0: Ground out 4-3 (Groundball, 34D, EV 86.2 MPH)
Batting: LHB Robert Gonzalez 0-0: Called Strike
0-1: Fly out, F7 (Flyball, 7, EV 85.0 MPH)
Batting: RHB Mario Arriero 0-0: Swinging Strike
0-1: Foul Ball, location: 2F
0-2: Ball
1-2: TRIPLE (Line Drive, 89D, EV 101.2 MPH)
Batting: RHB Adugna Chandu 0-0: Ball
1-0: Swinging Strike
1-1: Called Strike
1-2: Foul Ball, location: 2F
1-2: Strikes out looking
Top of the 4th over - 1 run, 2 hits, 0 errors, 1 left on base; Greenville 2 - Charleston 2
BOTTOM OF THE 4TH
Charleston RiverDogs batting - Pitching for Greenville Drive : LHP Roald van Erkel
Batting: RHB Jeff McClellan 0-0: Ball
1-0: Foul Ball, location: 2F
1-1: Foul Ball, location: 2F
1-2: DOUBLE (Line Drive, 9LM, EV 106.9 MPH)
Batting: RHB Michael Patterson 0-0: Ball
1-0: Called Strike
1-1: Called Strike
1-2: Ball
2-2: Foul Ball, location: 2F
2-2: Ball
3-2: Base on Balls
Pitching: RHP Victor Escobar
Batting: RHB Matt Alderson 0-0: Called Strike
0-1: Ball
1-1: Swinging Strike
1-2: Strikes out swinging
Pinch Hitting: RHB Mike Zern 0-0: DOUBLE (Line Drive, 9LD, EV 110.0 MPH)
Jeff McClellan scores
Michael Patterson to third
Batting: LHB Ernesto Abreu 0-0: SINGLE (Groundball, 56D, EV 107.5 MPH)
Michael Patterson scores
Mike Zern to third
Runner from 3rd tries for Home, SAFE, throw by LF to home
Ernesto Abreu to second
Batting: LHB Jeremiah Walker 0-0: Called Strike
0-1: Ball
1-1: Ball
2-1: Foul Ball, location: 2F
2-2: Strikes out looking
Batting: LHB Marc Durgin 0-0: Called Strike
0-1: Swinging Strike
0-2: Ball
1-2: Ball
2-2: Ball
3-2: Base on Balls
Batting: RHB Iften Olujimi 0-0: Ball
1-0: Fly out, F8 (Flyball, 8RM, EV 97.5 MPH)
Bottom of the 4th over - 3 runs, 3 hits, 0 errors, 2 left on base; Greenville 2 - Charleston 5
TOP OF THE 5TH
Greenville Drive batting - Pitching for Charleston RiverDogs : RHP Bill Setzer
Now at 3B: Gonçalo Burhil
Batting: RHB Josh Smith 0-0: Called Strike
0-1: Foul Ball, location: 2F
0-2: Ball
1-2: Ball
2-2: Foul Ball, location: 2F
2-2: Ground out 4-3 (Groundball, 4, EV 89.4 MPH)
Batting: RHB Aukukero Tairi 0-0: Swinging Strike
0-1: Foul Ball, location: 2F
0-2: SINGLE (Line Drive, 56, EV 98.8 MPH)
Batting: LHB Kien-lung Zou 0-0: Called Strike
0-1: Foul Ball, location: 2F
0-2: Foul Ball, location: 2F
0-2: Ball
1-2: Foul Ball, location: 2F
1-2: Ball
2-2: Foul Ball, location: 2F
2-2: Fielders Choice at 2nd, 1-6 (Groundball, 34S, EV 71.9 MPH)
Pitching: LHP Nick Hamlin
Now at SS: Andrew Davis
Batting: SHB Salvador Padilla 0-0: Called Strike
0-1: SINGLE (Line Drive, 56D, EV 103.8 MPH)
Kien-lung Zou to second
Runner from 2nd tries for 3rd, SAFE, no throw by LF
Batting: SHB Matsudaira Ikeda 0-0: Foul Ball, location: 2F
0-1: Ball
1-1: Swinging Strike
1-2: Strikes out swinging
Top of the 5th over - 0 runs, 2 hits, 0 errors, 2 left on base; Greenville 2 - Charleston 5
BOTTOM OF THE 5TH
Charleston RiverDogs batting - Pitching for Greenville Drive : RHP Victor Escobar
Batting: RHB Francisco Vargas 0-0: Ball
1-0: Foul Ball, location: 2F
1-1: Ground out 5-3 (Groundball, 56, EV 86.2 MPH)
Batting: LHB Andrew Davis 0-0: Ball
1-0: Called Strike
1-1: Foul Ball, location: 2F
1-2: Strikes out swinging
Batting: RHB Michael Patterson 0-0: Ball
1-0: Foul Ball, location: 2F
1-1: Foul Ball, location: 2F
1-2: Fly out, F9 (Flyball, 8RD, EV 99.4 MPH)
Bottom of the 5th over - 0 runs, 0 hits, 0 errors, 0 left on base; Greenville 2 - Charleston 5
TOP OF THE 6TH
Greenville Drive batting - Pitching for Charleston RiverDogs : LHP Nick Hamlin
Batting: RHB Alex Cardenas 0-0: Ball
1-0: Foul Ball, location: 2F
1-1: Foul Ball, location: 2F
1-2: Strikes out swinging
Pinch Hitting: RHB Bobby Schimke 0-0: Swinging Strike
0-1: Called Strike
0-2: Strikes out swinging
Batting: RHB Mario Arriero 0-0: Ball
1-0: Ball
2-0: Ball
3-0: Called Strike
3-1: Base on Balls
Pitching: RHP Mike Hickey
Batting: RHB Adugna Chandu 0-0: Fielders Choice at 2nd, U4 (Groundball, 4M, EV 103.8 MPH)
Top of the 6th over - 0 runs, 0 hits, 0 errors, 1 left on base; Greenville 2 - Charleston 5
BOTTOM OF THE 6TH
Charleston RiverDogs batting - Pitching for Greenville Drive : RHP Victor Escobar
Now in RF: Carlos Guerra
Batting: RHB Matt Alderson 0-0: Ball
1-0: Foul Ball, location: 2F
1-1: Foul Ball, location: 2F
1-2: Foul Ball, location: 2F
1-2: Foul Ball, location: 2F
1-2: Foul Ball, location: 2F
1-2: Strikes out swinging
Batting: RHB Gonçalo Burhil 0-0: Called Strike
0-1: Ground out 6-3 (Groundball, 6S, EV 68.1 MPH)
Batting: LHB Ernesto Abreu 0-0: Ball
1-0: Ball
2-0: Called Strike
2-1: Fly out, F5 (Line Drive, 5, EV 74.4 MPH)
Bottom of the 6th over - 0 runs, 0 hits, 0 errors, 0 left on base; Greenville 2 - Charleston 5
TOP OF THE 7TH
Greenville Drive batting - Pitching for Charleston RiverDogs : RHP Mike Hickey
Now in LF: John Sprenkel
Batting: RHB Josh Smith 0-0: Called Strike
0-1: Ball
1-1: Foul Ball, location: 2F
1-2: Ball
2-2: Fly out, F7 (Flyball, 7D, EV 95.0 MPH)
Batting: RHB Aukukero Tairi 0-0: Ball
1-0: Swinging Strike
1-1: SINGLE (Groundball, 25, EV 68.1 MPH) (infield hit)
Batting: LHB Kien-lung Zou 0-0: Fielders Choice at 2nd, 1-4 (Groundball, 15, EV 68.1 MPH)
Batting: SHB Salvador Padilla 0-0: Ball
1-0: Ground out 5-3 (Groundball, 56S, EV 64.4 MPH)
Top of the 7th over - 0 runs, 1 hit, 0 errors, 1 left on base; Greenville 2 - Charleston 5
BOTTOM OF THE 7TH
Charleston RiverDogs batting - Pitching for Greenville Drive : RHP Victor Escobar
Pitching: LHP Eddie Contreras
Batting: LHB Jeremiah Walker 0-0: Ball
1-0: SOLO HOME RUN (Flyball, 9D, EV 98.8 MPH), Distance : 384 ft
Batting: LHB Marc Durgin 0-0: Ball
1-0: SINGLE (Groundball, 4MS, EV 70.0 MPH) (infield hit)
Batting: RHB Iften Olujimi 0-0: Called Strike
0-1: Foul Ball, location: 2F
0-2: Ball
1-2: Ball
2-2: Ball
Wild Pitch!
Marc Durgin to second
3-2: Base on Balls
Batting: RHB Francisco Vargas 0-0: Foul Ball, location: 2F
0-1: Swinging Strike
0-2: Strikes out swinging
Batting: LHB Andrew Davis 0-0: Called Strike
0-1: Ball
1-1: Swinging Strike
1-2: Fly out, F2 (Popup, 25F, EV 70.6 MPH)
Batting: RHB Michael Patterson 0-0: Ball
1-0: Ball
2-0: Ball
3-0: Base on Balls
Marc Durgin to third
Iften Olujimi to second
Batting: RHB Matt Alderson 0-0: Ball
1-0: Foul Ball, location: 2F
1-1: Ball
2-1: Ball
3-1: GRAND SLAM HOME RUN (Flyball, 89XD, EV 104.4 MPH), Distance : 429 ft
Pitching: RHP Jon Olivo
Batting: RHB Gonçalo Burhil 0-0: Called Strike
0-1: Ball
1-1: Swinging Strike
1-2: Strikes out swinging
Bottom of the 7th over - 5 runs, 3 hits, 0 errors, 0 left on base; Greenville 2 - Charleston 10
TOP OF THE 8TH
Greenville Drive batting - Pitching for Charleston RiverDogs : RHP Mike Hickey
Batting: SHB Matsudaira Ikeda 0-0: Ball
1-0: Ball
2-0: Called Strike
2-1: Foul Ball, location: 2F
2-2: Ball
3-2: Base on Balls
Pitching: LHP Cory Musial
Batting: RHB Alex Cardenas 0-0: Called Strike
0-1: Swinging Strike
0-2: Foul Ball, location: 2F
0-2: Foul Ball, location: 2F
0-2: Foul Ball, location: 2F
0-2: Ball
1-2: Foul Ball, location: 2F
1-2: Ball
2-2: Strikes out swinging
Pinch Hitting: RHB Guillermo Quintero 0-0: Called Strike
0-1: Foul Ball, location: 2F
0-2: Ball
1-2: Strikes out looking
Batting: RHB Mario Arriero 0-0: Swinging Strike
0-1: Foul Ball, location: 2F
0-2: Ball
1-2: Foul Ball, location: 2F
1-2: Foul Ball, location: 2F
1-2: Ground out 4-3 (Groundball, 4, EV 77.5 MPH)
Top of the 8th over - 0 runs, 0 hits, 0 errors, 1 left on base; Greenville 2 - Charleston 10
BOTTOM OF THE 8TH
Charleston RiverDogs batting - Pitching for Greenville Drive : RHP Jon Olivo
Now at 1B: Guillermo Quintero
Now in RF: Kien-lung Zou
Batting: RHB John Sprenkel 0-0: Swinging Strike
0-1: Ball
1-1: Ground out 6-3 (Groundball, 6S, EV 84.4 MPH)
Batting: LHB Jeremiah Walker 0-0: Foul Ball, location: 2F
0-1: Foul Ball, location: 2F
0-2: Ball
1-2: Ball
2-2: Ball
3-2: Ground out 4-3 (Groundball, 4, EV 90.0 MPH)
Batting: LHB Marc Durgin 0-0: Called Strike
0-1: Called Strike
0-2: Ball
1-2: Ball
2-2: Strikes out looking
Bottom of the 8th over - 0 runs, 0 hits, 0 errors, 0 left on base; Greenville 2 - Charleston 10
TOP OF THE 9TH
Greenville Drive batting - Pitching for Charleston RiverDogs : LHP Cory Musial
Batting: RHB Adugna Chandu 0-0: Ball
1-0: Ball
2-0: Ball
3-0: Called Strike
3-1: Foul Ball, location: 2F
3-2: Foul Ball, location: 2F
3-2: Foul Ball, location: 2F
3-2: Foul Ball, location: 2F
3-2: Base on Balls
Pitching: RHP Khayyat bin Faruq
Batting: RHB Josh Smith 0-0: Swinging Strike
0-1: SINGLE (Groundball, 34D, EV 99.4 MPH)
Adugna Chandu to second
Batting: RHB Aukukero Tairi 0-0: Ball
1-0: Called Strike
1-1: Grounds into double play, U4-3 (Groundball, 6M, EV 103.1 MPH)
Adugna Chandu to third
Batting: LHB Kien-lung Zou 0-0: Ball
1-0: Called Strike
1-1: Ball
2-1: Ball
3-1: Base on Balls
Batting: SHB Salvador Padilla 0-0: Called Strike
0-1: Ball
1-1: Called Strike
1-2: Ball
2-2: Foul Ball, location: 2F
2-2: Foul Ball, location: 2F
2-2: Strikes out swinging
Top of the 9th over - 0 runs, 1 hit, 0 errors, 2 left on base; Greenville 2 - Charleston 10
Sunday, July 16th , 2023 - OOTP Baseball 24.6 Build 69